 Dungeon Crawl Stone Soup version 0.26-a0-466-g989023bd0d (webtiles) character file.

Game seed: 4645621401974390414

240 kae the Poker (level 5, -5/42 HPs)
             Began as a Demonspawn Gladiator on Aug 11, 2020.
             Was an Initiate of Makhleb.
             Impaled on Sigmund the porcupine's spines (7 damage)
             ... on level 3 of the Dungeon.
             The game lasted 00:03:08 (2920 turns).

kae the Poker (Demonspawn Gladiator)                Turns: 2920, Time: 00:03:08

Health: -5/42      AC:  9    Str: 15    XL:     5   Next: 80%
Magic:  5/5        EV: 12    Int:  9    God:    Makhleb [......]
Gold:   121        SH:  0    Dex: 15    Spells: 4/4 levels left

rFire    . . .     SeeInvis .   a - +0 trident
rCold    + . .     Faith    .   (no shield)
rNeg     . . .     Spirit   .   g - +3 leather armour
rPois    .         Reflect  .   (helmet restricted)
rElec    .         Harm     .   f - scarf {+Inv}
rCorr    .                      i - +2 pair of gloves
MR       .....                  (no boots)
Stlth    +.........             (no amulet)
HPRegen  0.14/turn              (no ring)
MPRegen  0.09/turn              (no ring)

@: no status effects
A: antennae 1, cold resistance 1
a: Renounce Religion, Evoke Invisibility


You were on level 3 of the Dungeon.
You worshipped Makhleb.
Makhleb was noncommittal.
You visited 1 branch of the dungeon, and saw 3 of its levels.

You collected 121 gold pieces.

Inventory:

Hand Weapons
 a - a +0 trident (weapon)
Missiles
 d - 3 throwing nets (quivered)
Armour
 f - a scarf of invisibility (worn)
 g - a +3 leather armour (worn)
 i - a +2 pair of gloves (worn)
Wands
 l - a wand of polymorph (4)
Scrolls
 j - a scroll of enchant armour
 k - a scroll of fog {unknown}
Potions
 b - a potion of berserk rage {unknown}
 c - 2 potions of mutation {unknown}
 e - 3 potions of heal wounds
 h - a potion of degeneration {unknown}


   Skills:
 + Level 3.8 Fighting
 * Level 5.1 Polearms
 - Level 1.7 Throwing
 - Level 2.6 Dodging


You had 4 spell levels left.
You didn't know any spells.
Your spell library was empty.

Dungeon Overview and Level Annotations

Branches:
Dungeon (3/15)

Altars:
Ashenzari
Dithmenos
Gozag
Makhleb
Trog

Annotations:
D:3 Sigmund


Innate Abilities, Weirdness & Mutations

You have a pair of small antennae on your head.
Your flesh is cold resistant. (rC+)


Message History

Sigmund is heavily wounded.
Sigmund barely misses you.
You are too injured to fight recklessly!
You are too injured to fight recklessly!
You closely miss Sigmund.
Sigmund is heavily wounded.
Sigmund bites you but does no damage.
You are struck by Sigmund's spines.
* * * LOW HITPOINT WARNING * * *
You hit Sigmund but do no damage.
Sigmund is heavily wounded.
Sigmund bites you.
* * * LOW HITPOINT WARNING * * *
Sigmund closely misses you.
You puncture Sigmund!
Sigmund is severely wounded.
Sigmund bites you.
* * * LOW HITPOINT WARNING * * *
You are struck by Sigmund's spines.
You die...

########## ####.........
#........#### #.##.###.#### *****
### #.##.# #..... ,,,,* ##.##
#.##.# ###### 8,8,**
##.#r#####.##.####### ,,,,,*
#.###@[.............#
,,,..########.#.#####.##.#####.##
,,,*,...........# #.##.........
,,_*,*##..####..# #.########.##
,,,*,###........## #r# #.#
,,,,,#...._......# #.########.##
,,,,,#..._8_....#####...........#
8,8,*#.................####....#.
,,,,*#.#...............####.#..##


You could see Sigmund the porcupine.

Vanquished Creatures
  A scorpion (D:3)
  An orc priest (D:3)
  An orc wizard (D:2)
  4 adders
  3 gnolls (D:3)
  An ooze (D:1)
  4 worms
  2 dart slugs (D:1)
  A leopard gecko (D:3)
  3 orcs (D:3)
  2 giant cockroaches
  4 goblins
  6 hobgoblins
  4 jackals (D:1)
  5 kobolds
  A ball python (D:2)
  8 bats
  3 frilled lizards
  2 rats (D:3)
56 creatures vanquished.

Notes
Turn   | Place    | Note
-------+----------+-------------------------------------------
     0 | D:1      | kae the Demonspawn Gladiator began the quest for the Orb.
     0 | D:1      | Reached XP level 1. HP: 16/16 MP: 1/1
   125 | D:1      | Reached skill level 3 in Polearms
   148 | D:1      | Gained mutation: Your flesh is cold resistant. (rC+)
                  | [demonic ancestry]
   148 | D:1      | Reached XP level 2. HP: 22/22 MP: 2/2
   316 | D:1      | Reached XP level 3. HP: 16/28 MP: 3/3
  1382 | D:2      | Reached skill level 4 in Polearms
  1382 | D:2      | Gained mutation: You have a pair of small antennae on your
                  | head. [demonic ancestry]
  1382 | D:2      | Reached XP level 4. HP: 34/34 MP: 4/4
  1502 | D:2      | Found an opulent altar of Gozag.
  1773 | D:2      | Found a burning altar of Makhleb.
  1926 | D:2      | Became a worshipper of Makhleb the Destroyer
  2111 | D:3      | Reached XP level 5. HP: 34/41 MP: 5/5
  2457 | D:3      | Found a shadowy altar of Dithmenos.
  2457 | D:3      | Found a bloodstained altar of Trog.
  2457 | D:3      | Found a shattered altar of Ashenzari.
  2579 | D:3      | Reached skill level 5 in Polearms
  2721 | D:3      | Noticed Sigmund
  2722 | D:3      | Noticed Sigmund
  2722 | D:3      | Sigmund changed into Sigmund the porcupine
  2919 | D:3      | HP: 2/42 [Sigmund the porcupine (2)]
  2920 | D:3      | Impaled on Sigmund the porcupine's spines

Illustrated notes

Levels and vault maps discovered:
D:1:      grunt_arrival_crossed_arrows, layout_loops_ring
D:2:      layout_basic, lightli_temple_of_fire, overflow_temple_1_default,
          kennysheep_pointless_box
D:3:      layout_loops_ring, nicolae_overflow_hidden_temple,
          chequers_temple_overflow_statue_of_worship,
          eat_drink_and_be_merry_uskayaw, hangedman_decor_riveting,
          uniq_sigmund, uniq_crazy_yiuf_cottage

Skill      XL: |  1  2  3  4  5 |
---------------+----------------+-----
Polearms       | 3 4 5 |  5.1
Fighting       | 3 |  3.8
Throwing       | |  1.7
Dodging        | |  2.6

Action                   |  1- 3 |  4- 6 || total
-------------------------+-------+-------++-------
Melee: Trident           |   101 |   132 ||   233
Evoke: Wand              |       |     1 ||     1
  Use: Scroll            |     4 |     5 ||     9
Armor: Leather armour    |    29 |    40 ||    69
Dodge: Dodged            |    44 |    79 ||   123

Table legend: (Time is in decaauts)
 A = Elapsed time spent in this place.
 B = Non-inter-level travel time spent in this place.
 C = Inter-level travel time spent in this place.
 D = Time resting spent in this place.
 E = Time spent auto-exploring this place.
 F = Levels seen in this place.
 G = Mean time per level.
                   A        B        C        D        E       F      G
               +--------+--------+--------+--------+--------+-----+--------+
         Total |   2944 |   2824 |    120 |    652 |   1676 |   3 |  981.3 |
       Dungeon |   2944 |   2824 |    120 |    652 |   1676 |   3 |  981.3 |
               +--------+--------+--------+--------+--------+-----+--------+

Top non-repeatable levels by time:
     D:2: 1447 daAuts
     D:3: 755 daAuts
     D:1: 741 daAuts
